 Dungeon Crawl Stone Soup version 0.21.1 (webtiles) character file.

200 komo4ek the Covert (level 5, 0/34 HPs)
             Began as an Octopode Assassin on Feb 4, 2018.
             Killed from afar by an orc (8 damage)
             ... on level 3 of the Dungeon.
             The game lasted 00:11:38 (3902 turns).

komo4ek the Covert (Octopode Assassin)              Turns: 3902, Time: 00:11:38

Health: 0/34       AC:  1    Str: 10    XL:     5   Next: 78%
Magic:  5/5        EV: 13    Int: 14    God:
Gold:   98         SH:  0    Dex: 14    Spells: 4/4 levels left

rFire    . . .     SeeInvis .   b - +1 blowgun
rCold    . . .     Gourm    .   (no shield)
rNeg     . . .     Faith    .   (helmet restricted)
rPois    .         Spirit   .   (no amulet)
rElec    .         Reflect  .   (no ring)
rCorr    .         Harm     .   (no ring)
MR       .....                  (no ring)
Stlth    +++++.....             (no ring)
HPRegen  0.11/turn              (no ring)
MPRegen  0.09/turn              (no ring)
                                (no ring)
                                (no ring)

@: no status effects
A: almost no armour, stealthy swim, amphibious, 8 rings, constrict 8, camouflage
1, gelatinous body 1
a: no special abilities


You were on level 3 of the Dungeon.
You were not hungry.

You visited 1 branch of the dungeon, and saw 3 of its levels.

You collected 98 gold pieces.

Inventory:

Hand Weapons
 a - a +2 dagger
 b - a +1 blowgun (weapon)
Missiles
 c - 15 poisoned needles (quivered)
 d - 2 curare-tipped needles
 h - 156 stones
Jewellery
 q - an uncursed amulet of magic regeneration {unknown}
Wands
 u - a wand of acid (10)
Scrolls
 e - a scroll of enchant weapon
 g - 3 scrolls of remove curse
 i - 2 scrolls of identify {unknown}
 j - 2 scrolls of fear {unknown}
 n - a scroll of noise {unknown}
 p - a scroll of fog {unknown}
 v - 2 scrolls of enchant armour {unknown}
Potions
 k - 2 potions of lignification {unknown}
 l - a potion of might {unknown}
 m - a potion of degeneration {unknown}
 o - a potion of curing {unknown}
 r - a potion of invisibility {unknown}
 s - a potion of magic {unknown}
 t - a potion of haste {unknown}
Comestibles
 f - 5 rations


   Skills:
 - Level 2.0 Fighting
 - Level 2.0 Short Blades
 - Level 2.0 Throwing
 - Level 1.0 Dodging
 + Level 9.5 Stealth


You had 4 spell levels left.
You didn't know any spells.

Dungeon Overview and Level Annotations

Branches:
Dungeon (3/15)

Altars:
Kikubaaqudgha
Xom


Innate Abilities, Weirdness & Mutations

You cannot wear most types of armour.
You are very stealthy in the water. (Stealth+)
You are amphibious.
You can wear up to eight rings at the same time.
You can use your tentacles to constrict eight enemies at once.
Your skin changes colour to match your surroundings (Stealth+).
Your rubbery body absorbs attacks. (AC +1, EV +1)


Message History

Press: ? - help, Shift-Dir - straight line, f - orc
Aim: an orc, wielding a mace You shoot a poisoned needle.
The poisoned needle hits the orc.
The orc is poisoned.
The orc throws an exploding tomahawk.
The exploding tomahawk hits you.
* * * LOW HITPOINT WARNING * * *
The exploding tomahawk explodes!
The explosion of tomahawk fragments engulfs you!
An orc comes into view. It is wielding a flail.
Okay, then.
Okay, then.
Firing (i - inventory. (,) - cycle):
c - 16 poisoned needles (quivered)
Press: ? - help, Shift-Dir - straight line, f - orc, p - orc
Aim: an orc, wielding a flail You shoot a poisoned needle.
The poisoned needle barely misses the orc.
The orc throws an exploding tomahawk.
The exploding tomahawk misses you.
The exploding tomahawk explodes!
The explosion of tomahawk fragments engulfs you!
You die...

# #......)........####
#.##>..............#
....................#
##.#..?.......รท...^...####
.....)....................
.....<#########..##....###
##(..o #..##....#
....o.####### #..##....#
#......@..# #..##..#.#
##..#####.###..##..#.# #..#
#..o...##..#.## #..#
#......##..#..## #..#
#.....(......... #..#
#.......#.###..#
#..#####.......#.###..#
#..............#...)...
########..######.....)).......


You could see 2 orcs.

Vanquished Creatures
  2 orc wizards (D:3)
  5 adders
  5 dart slugs
  2 leopard geckos (D:1)
  11 orcs (D:3)
  A ball python (D:1)
  2 giant cockroaches (D:2)
  7 hobgoblins
  2 jackals (D:1)
  3 quokkas (D:2)
  9 bats
  6 frilled lizards
  9 goblins
  11 kobolds
  4 rats
79 creatures vanquished.

Notes
Turn   | Place    | Note
-------+----------+-------------------------------------------
     0 | D:1      | komo4ek the Octopode Assassin began the quest for the Orb.
     0 | D:1      | Reached XP level 1. HP: 14/14 MP: 1/1
   311 | D:1      | Reached XP level 2. HP: 12/19 MP: 2/2
   462 | D:1      | Reached skill level 6 in Stealth
   848 | D:1      | Found a shimmering altar of Xom.
   921 | D:1      | Reached XP level 3. HP: 17/24 MP: 3/3
  1149 | D:1      | Reached skill level 7 in Stealth
  1667 | D:2      | Reached XP level 4. HP: 26/29 MP: 4/4
  2052 | D:2      | Reached skill level 8 in Stealth
  2563 | D:3      | Reached XP level 5. HP: 28/34 MP: 5/5
  2689 | D:3      | Reached skill level 9 in Stealth
  2768 | D:3      | Found an ancient bone altar of Kikubaaqudgha.
  3902 | D:3      | Killed from afar by an orc

Skill      XL: |  1  2  3  4  5 |
---------------+----------------+-----
Stealth        | 6 7 8 9 |  9.5
Fighting       | |  2.0
Short Blades   | |  2.0
Throwing       | |  2.0
Dodging        | |  1.0

Action                   |  1- 3 |  4- 6 || total
-------------------------+-------+-------++-------
Melee: Dagger            |    84 |    75 ||   159
       Constrict         |    19 |    21 ||    40
       Tentacles         |     6 |    12 ||    18
 Fire: Blowgun           |     2 |    24 ||    26
Throw: Stone             |       |     5 ||     5
  Use: Scroll            |       |     2 ||     2
 Stab: Sleeping          |    14 |     4 ||    18
  Eat: Chunk             |     2 |     7 ||     9
Armor: Skin              |    11 |     5 ||    16
Dodge: Dodged            |    49 |    34 ||    83
